 Dungeon Crawl Stone Soup version 0.16.2-12-gd0ad4c3 (webtiles) character file.

174 dvd the Grasshopper (level 5, 0/26 HPs)
             Began as a Spriggan Warper on Sept 17, 2015.
             Slain by a human (8 damage)
             ... on level 2 of the Dungeon.
             The game lasted 00:22:43 (3675 turns).

dvd the Grasshopper (Spriggan Warper)               Turns: 3675, Time: 00:22:43

Health: 0/26       AC:  2    Str:  7    XL:     5   Next: 28%
Magic:  11/17      EV: 18    Int: 15    God:
Gold:   91         SH:  5    Dex: 16    Spells: 4 memorised, 3 levels left

rFire  . . .     SeeInvis +     a - +0 short sword
rCold  . . .     Clarity  .     e - +0 robe
rNeg   . . .     SustAb   .     o - +0 buckler
rPois  .         Gourm    .     (helmet restricted)
rElec  .         Spirit   .     (no cloak)
rCorr  .         Warding  .     (gloves unavailable)
rMut   .         Stasis   .     (boots unavailable)
MR     .....                    (no amulet)
Stlth  +.........               k - ring of loudness (curse)
                                h - ring of wizardry

@: shrouded, very quick, not resistant to hostile enchantments, very unstealthy
A: unfitting armour, see invisible, herbivore 3, speed 3, slow metabolism 2
a: no special abilities


You were on level 2 of the Dungeon.
You were not hungry.

You visited 1 branch of the dungeon, and saw 3 of its levels.

You collected 91 gold pieces.

Inventory:

Hand weapons
 a - a +0 short sword (weapon)
 p - a +0 short sword
Missiles
 j - 18 arrows
Armour
 e - a +0 robe (worn)
 o - a +0 buckler (worn)
Jewellery
 h - a ring of wizardry (left hand)
 k - a cursed ring of loudness (right hand)
Scrolls
 d - a scroll of blinking
Potions
 b - 2 potions of mutation {unknown}
 g - a potion of might {unknown}
 i - a potion of resistance {unknown}
 l - a potion of invisibility {unknown}
 m - a potion of poison {unknown}
Books
 c - a book of Spatial Translocations

   Spells                             Type                      Level
   a - Apportation                    Translocation                1
   b - Blink                          Translocation                2
   c - Shroud of Golubria             Charms/Translocation         2
   d - Portal Projectile              Translocation                3
   e - Teleport Other                 Translocation                3
   f - Passage of Golubria            Translocation                4
Comestibles
 f - a bread ration


   Skills:
 + Level 2.0 Fighting
 + Level 2.9 Short Blades
 + Level 1.5 Throwing
 + Level 0.7 Armour
 + Level 4.3 Dodging
 + Level 0.4 Stealth
 + Level 0.1 Shields
 + Level 3.8 Spellcasting
 + Level 2.3 Charms
 + Level 5.5 Translocations


You had 3 spell levels left.
You knew the following spells:

 Your Spells              Type           Power        Failure   Level  Hunger
a - Apportation           Tloc           ###.......   1%          1    None
b - Shroud of Golubria    Chrm/Tloc      ##........   4%          2    ##.....
c - Blink                 Tloc           N/A          2%          2    ##.....
d - Portal Projectile     Tloc           ###...       4%          3    ###....


Dungeon Overview and Level Annotations

Branches:
Dungeon (3/15)

Altars:
Yredelemnul


Innate Abilities, Weirdness & Mutations

You are tiny and cannot use many weapons and most armour.
You have supernaturally acute eyesight.
You are a herbivore.
You cover ground extremely quickly.
You need consume almost no food.


Message History

You closely miss the human.
The human is heavily wounded.
Your shroud begins to fray at the edges.
The human closely misses you.
Casting: Portal Projectile
Confirm with . or Enter, or press ? or * to list all spells.
You renew your shroud.
You hit the human but do no damage.
The human is heavily wounded.
The human completely misses you.
Your shield prevents you from hitting the human.
The human is heavily wounded.
The human barely misses you.
You hit the human but do no damage.
The human is heavily wounded.
Your shroud bends the human's attack away!
You hit the human.
The human is heavily wounded.
The human hits you!
You die...

#........#..##.......
#####.).(..(#..######.##
##......####.#..# #....##
##........###....# #.#####
#..........###...# #.# #.)
#......[...##.>..# #.# #.#
#..........##..).# #.###.#
#........p.###...# #.)...#
#........@.###...###.#####
##........###....##.)##...
#..........#..............
#..............)..........
#..........#........#.....
#..........#<....†..#.....
#..........##.....#.......
##........##.......##.....
##......###.......##...##


You could see a human.

Vanquished Creatures
  An orc priest (D:3)
  3 adders (D:2)
  2 worms (D:2)
  A giant gecko (D:1)
  2 oozes (D:2)
  2 orcs (D:3)
  4 giant cockroaches
  14 hobgoblins
  4 jackals
  9 kobolds
  3 quokkas
  6 ball pythons
  6 bats
  2 giant newts
  7 goblins
  A goblin skeleton (D:2)
  A kobold skeleton (D:2)
  6 rats
74 creatures vanquished.

Vanquished Creatures (others)
  An orc wizard (D:2)
  An orc (D:2)
  A kobold (D:2)
3 creatures vanquished.

Grand Total: 77 creatures vanquished

Notes
Turn   | Place    | Note
--------------------------------------------------------------
     0 | D:1      | dvd, the Spriggan Warper, began the quest for the Orb.
     0 | D:1      | Reached XP level 1. HP: 10/10 MP: 4/4
   234 | D:1      | Reached XP level 2. HP: 8/14 MP: 7/7
   239 | D:1      | Learned a level 2 spell: Shroud of Golubria
   716 | D:1      | Learned a level 2 spell: Blink
  1050 | D:2      | Reached XP level 3. HP: 16/18 MP: 6/9
  1152 | D:2      | Reached skill level 5 in Translocations
  1193 | D:2      | Reached skill level 1 in Charms
  1250 | D:2      | Found a runed door.
  1250 | D:2      | Noticed a human
  1273 | D:2      | Found a basalt altar of Yredelemnul.
  1312 | D:2      | Reached XP level 4. HP: 17/23 MP: 11/13
  1673 | D:2      | HP: 1/23 [worm (8)]
  2162 | D:2      | Learned a level 3 spell: Portal Projectile
  2916 | D:2      | Reached XP level 5. HP: 6/26 MP: 8/16
  3675 | D:2      | Slain by a human

Action                   |  1- 3 |  4- 6 || total
-------------------------+-------+-------++-------
Melee: Short sword       |   162 |   235 ||   397
Throw: Tomahawk          |     5 |    13 ||    18
       Stone             |       |     2 ||     2
 Cast: Shroud of Golubri |    19 |    38 ||    57
       Apportation       |     2 |     2 ||     4
       Portal Projectile |       |     4 ||     4
       Blink             |       |     1 ||     1
  Use: Scroll            |       |     1 ||     1
       Potion            |       |     1 ||     1
 Stab: Sleeping          |     1 |       ||     1
       Distracted        |       |     1 ||     1
  Eat: Bread ration      |       |     1 ||     1
